 Dungeon Crawl Stone Soup version 0.30-a0-840-ga523dec638 (webtiles) character file.

Game seed: 4293938847493307923

3742 cforsyth the Covert (level 10, -1/64 HPs)
             Began as a Kobold Brigand on Mar 2, 2023.
             Slain by a komodo dragon (4 damage)
             ... on level 7 of the Dungeon.
             The game lasted 00:11:51 (9021 turns).

cforsyth the Covert (Kobold Brigand)                Turns: 9021, Time: 00:11:52

Health: -1/64      AC: 10    Str:  7 (10) XL:     10   Next: 37%
Magic:  10/10      EV: 16    Int:  9 (12) God:
Gold:   467        SH:  0    Dex: 18 (20) Spells: 9/9 levels left

rFire   + . .      SeeInvis .    y - +3 short sword (speed)
rCold   + . .      Faith    .    (no shield)
rNeg    . . .      Spirit   .    C - +0 swamp dragon scales
rPois   +          Reflect  .    (no helmet)
rElec   +          Harm     .    c - +0 cloak
rCorr   +          Rampage  .    k - +1 pair of gloves
Will    .....                    (no boots)
Stlth   +++++                    (no amulet)
HPRegen 0.30/turn                (no ring)
MPRegen 0.12/turn                (no ring)

@: brilliant, resistant
A: small, no large weapons, nightstalker 3, hooves 1, wild magic 1, no potion
heal 1
a: no special abilities


You were on level 7 of the Dungeon.
You visited 2 branches of the dungeon, and saw 9 of its levels.

You collected 467 gold pieces.

Inventory:

Hand Weapons
 a - a +2 dagger
 x - a +1 dagger of venom
 y - a +3 short sword of speed (weapon)
Missiles
 d - 12 poisoned darts (quivered)
 e - 3 curare-tipped darts
Armour
 b - a +0 robe
 c - a +0 cloak (worn)
 k - a +1 pair of gloves (worn)
 C - +0 swamp dragon scales (worn)
Jewellery
 s - a +6 ring of intelligence
 u - the ring of Law {Fire Drain rN++}
   (You found it on level 5 of the Dungeon)

   [ring of fire]

   It enhances your fire magic.
   rF:        It protects you from fire.
   rC:        It makes you vulnerable to cold.
   rN:        It greatly protects you from negative energy.
   Drain:     It drains your maximum health when unequipped.
Wands
 m - a wand of flame (22)
 D - a wand of quicksilver (5)
Scrolls
 h - 3 scrolls of fog {unknown}
 p - a scroll of torment
 q - 4 scrolls of identify {unknown}
 r - 2 scrolls of immolation
 v - 4 scrolls of teleportation {unknown}
 w - a scroll of poison {unknown}
 A - a scroll of butterflies {unknown}
Potions
 g - a potion of curing
 l - a potion of brilliance


   Skills:
 + Level 8.1 Fighting
 + Level 9.7 Short Blades
 - Level 2.1 Throwing
 + Level 8.6 Dodging
 + Level 11.4 Stealth


You had 9 spell levels left.
You didn't know any spells.
Your spell library contained the following spells:

 Spells                   Type           Power      Damage    Failure   Level
 Blink                    Tloc           0%         N/A       95%         2
 Cigotuvi's Dreadful Rot  Necr/Pois/Air  0%         N/A       95%         2
 Lesser Beckoning         Tloc           0%         N/A       95%         2
 Momentum Strike          Conj/Tloc      0%         3d8       95%         2
 Poisonous Vapours        Pois/Air       0%         N/A       95%         2
 Gell's Gravitas          Tloc           0%         N/A       99%         3
 Mephitic Cloud           Conj/Pois/Air  0%         N/A       99%         3
 Teleport Other           Tloc           0%         N/A       99%         3
 Iskenderun's Mystic Bla  Conj/Tloc      0%         2d3       100%        4
 Passage of Golubria      Tloc           0%         N/A       100%        4
 Dispersal                Tloc           0%         N/A       100%        6


Dungeon Overview and Level Annotations

Branches:
Dungeon (8/15)             Temple (1/1) D:5
   Lair: D:8-11

Altars:
Ashenzari
Cheibriados
Fedhas
Kikubaaqudgha
Okawaru
Ru
Sif Muna
Trog
Uskayaw
Vehumet
Wu Jian
Yredelemnul
Zin
The Shining One


Innate Abilities, Weirdness & Mutations

You are small and have problems with some larger weapons.
You are completely attuned to the shadows.
You have large cloven feet.
Your spells are a little harder to cast, but a little more powerful.
Potions are less effective at restoring your health.


Message History

The komodo dragon bites you but does no damage.
The komodo dragon hisses menacingly.
The komodo dragon bites you but does no damage.
There is a stone staircase leading down, spattered with blood here.
The komodo dragon attacks as you move away!
The komodo dragon bites you!!
You feel less invigorated.
You feel less confused. The komodo dragon barely misses you.
There is a stone staircase leading down, spattered with blood here.
You barely miss the komodo dragon. The komodo dragon barely misses you.
You puncture the komodo dragon! Your kick misses the komodo dragon.
The komodo dragon is lightly wounded.
As you read the scroll labelled PAUKEO HEWN, it crumbles to dust.
You hear a loud clanging noise!
It was a scroll of noise.
The komodo dragon bites you!
As you read the scroll labelled MUTHRO ROBO, it crumbles to dust.
It is a scroll of enchant weapon.
Your +2 short sword of speed glows red for a moment.
The komodo dragon bites you!
* * * LOW HITPOINT WARNING * * *
As you read the scroll labelled AZOIWI YSORR, it crumbles to dust.
The creatures around you are filled with an inner flame!
It was a scroll of immolation.
The komodo dragon bites you!
* * * LOW HITPOINT WARNING * * *
As you read the scroll labelled UNNAGOELIDUA, it crumbles to dust.
You feel a surge of unholy energy.
The komodo dragon convulses!
Flame seeps out of the komodo dragon.
It was a scroll of torment.
The komodo dragon is engulfed in blazing flames.
Flame seeps out of the komodo dragon.
The komodo dragon misses you.
Okay, then.
Press: ? - help, v - describe, . - travel
Here: a komodo dragon (flame, severely wounded, inner flame)
The floor.
Unknown command.
As you read the scroll labelled SAHAOSHORUWK, it crumbles to dust.
You feel momentarily disoriented.
It was a scroll of magic mapping.
The komodo dragon is engulfed in blazing flames.
Flame seeps out of the komodo dragon.
The komodo dragon bites you.
You die...

## #...<........#
##..... ###
#............#
#....[< ..##
#............#
#...... ...#
##...........#
#...... ...#
#..........##
#...... ...##
##.........# #......
....# #........##
#...... ....#
##.......# #......
....## #.@l....#
#...... .....#
##.....## #......
.....# #....##
#...... .....#
#....# ####..#
.....# ###....###
###..## ##..###
##...##...#####...##
##...##
##..#######...#..###
##...#####..##
#.......###
##....##..##
#.........#


You could see a komodo dragon (inner flame).

Vanquished Creatures
  Pikel (D:4)
  Maggie (D:7)
  Sigmund (D:4)
  Eustachio (D:5)
  2 water moccasins (D:7)
  3 sky beasts
  An orc warrior (D:7)
  An ice beast (D:5)
  A centaur (D:7)
  An ogre (D:5)
  3 lemures
  A phantom (D:5)
  A kobold brigand (D:5)
  A gnoll sergeant (D:6)
  3 bullfrogs
  A necrophage (D:6)
  3 scorpions
  4 wights (D:8)
  4 killer bees
  2 hounds (D:4)
  3 jellies
  2 orc priests
  An iron imp (D:3)
  7 iguanas
  4 orc wizards
  12 gnolls
  9 adders
  2 shadow imps
  3 ufetubi
  A worm (D:2)
  17 orcs
  5 ball pythons
  6 bats
  10 endoplasms
  A giant cockroach (D:3)
  4 goblins
  5 hobgoblins
  17 kobolds
  5 quokkas
  3 frilled lizards
  3 rats
  A butterfly (D:3)
157 creatures vanquished.

Vanquished Creatures (others)
  12 fungi (D:8)
  9 plants (D:8)
21 creatures vanquished.

Grand Total: 178 creatures vanquished

Notes
Turn   | Place    | Note
-------+----------+-------------------------------------------
     0 | D:1      | cforsyth the Kobold Brigand began the quest for the Orb.
     0 | D:1      | Reached XP level 1. HP: 12/12 MP: 1/1
   110 | D:1      | Reached XP level 2. HP: 18/18 MP: 2/2
   319 | D:1      | You fall into a shaft and drop 1 floor!
   732 | D:2      | Reached XP level 3. HP: 22/22 MP: 3/3
  1117 | D:3      | Found a snail-covered altar of Cheibriados.
  1134 | D:3      | Reached XP level 4. HP: 19/28 MP: 4/4
  1279 | D:3      | Got the Folio of Peregrination
  1286 | D:3      | Reached skill level 6 in Stealth
  1332 | D:3      | Found a large runed translucent door.
  1333 | D:3      | Found a large runed translucent door.
  1447 | D:3      | Found a broken altar of Ashenzari.
  1562 | D:3      | Found a hide-covered altar of Uskayaw.
  1640 | D:3      | Reached XP level 5. HP: 24/32 MP: 5/5
  2486 | D:3      | Found a glowing silver altar of Zin.
  2489 | D:3      | Found an iron altar of Okawaru.
  2559 | D:4      | Reached XP level 6. HP: 38/38 MP: 6/6
  2667 | D:4      | Noticed Sigmund
  2688 | D:4      | Killed Sigmund
  2689 | D:4      | Reached skill level 5 in Short Blades
  2689 | D:4      | Reached skill level 7 in Stealth
  2767 | D:4      | Reached XP level 7. HP: 43/43 MP: 7/7
  3282 | D:5      | Entered Level 5 of the Dungeon
  3487 | D:5      | Noticed Eustachio
  3490 | D:5      | Killed Eustachio
  3491 | D:5      | Reached skill level 5 in Dodging
  3491 | D:5      | Reached XP level 8. HP: 48/48 MP: 8/8
  3519 | D:5      | Reached skill level 5 in Fighting
  3519 | D:5      | Reached skill level 8 in Stealth
  3602 | D:5      | Identified the ring of Law {Fire Drain rN++}
  4461 | D:5      | Found a staircase to the Ecumenical Temple.
  4483 | D:5      | Found a blossoming altar of Fedhas.
  4498 | Temple   | Entered the Ecumenical Temple
  5218 | D:6      | Reached skill level 9 in Stealth
  5229 | D:6      | Noticed a shadow
  5508 | D:7      | Noticed Pikel
  5584 | D:6      | Reached XP level 9. HP: 41/55 MP: 9/9
  6549 | D:4      | Killed Pikel
  6550 | D:4      | Reached skill level 10 in Stealth
  7039 | D:7      | Found an ancient bone altar of Kikubaaqudgha.
  7945 | D:7      | Noticed Maggie
  7950 | D:7      | Killed Maggie
  7951 | D:7      | Reached XP level 10. HP: 49/63 MP: 10/10
  8368 | D:7      | Reached skill level 11 in Stealth
  8489 | D:7      | HP: 2/62 [poisoned by a killer bee]
  8983 | D:8      | Noticed a komodo dragon
  9006 | D:7      | Gained mutation: Your spells are a little harder to cast,
                  | but a little more powerful. [potion of mutation]
  9006 | D:7      | Gained mutation: You have large cloven feet. [potion of
                  | mutation]
  9006 | D:7      | Gained mutation: Potions are less effective at restoring
                  | your health. [potion of mutation]
  9019 | D:7      | HP: 2/64 [komodo dragon (9)]
  9021 | D:7      | Slain by a komodo dragon

Illustrated notes

Levels and vault maps discovered:
D:1:      minmay_arrival_up_and_down, layout_loops_ring, minmay_door_square,
          fountainhead
D:2:      layout_basic
D:3:      layout_rooms, nicolae_uskayaw_murder_on_the_dancefloor,
          nicolae_ashenzari_skybound, jmf_multi_god_temple2, slow_altar_1,
          hangedman_glass_garden, st_stairs_12, kennysheep_generic_room_8
D:4:      layout_rooms, uniq_sigmund
D:5:      cheibrodos_thug_alley, layout_loops_ring, amcnicky_altar_gilded,
          minmay_temple_entry_butterflies, uniq_eustachio
D:6:      layout_cave_pools
D:7:      layout_cave_pods, mainiacjoe_overflow_catwalk, uniq_maggie, uniq_pikel
D:8:      layout_rooms, xom_confusion_cloud,
          beargit_hepliaklqana_dungeon_heroes, grunt_lair_entry_orc_guard_hut,
          uniq_maurice
Temple:   nicolae_temple_bog_church

Skill      XL: |  1  2  3  4  5  6  7  8  9 10 |
---------------+-------------------------------+-----
Short Blades   | 3 4 5 6 7 9 |  9.7
Dodging        | 2 3 4 5 6 7 8 |  8.6
Fighting       | 3 4 6 7 8 |  8.1
Stealth        | 6 7 9 10 11 | 11.4
Throwing       | |  2.1

Action                     |  1- 3 |  4- 6 |  7- 9 | 10-12 || total
---------------------------+-------+-------+-------+-------++-------
  Melee: Dagger            |    76 |   143 |   210 |       ||   429
         Punch             |     2 |     1 |    14 |       ||    17
         Short sword       |       |       |   319 |   152 ||   471
    Use: Potion            |     2 |       |     2 |     7 ||    11
         Scroll            |       |       |       |     5 ||     5
   Stab: Sleeping          |    11 |    13 |    25 |     1 ||    50
         Distracted        |       |       |     2 |       ||     2
 Armour: Robe              |    10 |    19 |    36 |       ||    65
         Swamp dragon scal |       |       |       |    30 ||    30
  Dodge: Dodged            |    31 |    79 |   262 |    91 ||   463

Table legend: (Time is in decaauts)
 A = Elapsed time spent in this place.
 B = Non-inter-level travel time spent in this place.
 C = Inter-level travel time spent in this place.
 D = Time resting spent in this place.
 E = Time spent auto-exploring this place.
 F = Levels seen in this place.
 G = Mean time per level.
                   A        B        C        D        E       F      G
               +--------+--------+--------+--------+--------+-----+--------+
         Total |   8644 |   8259 |    385 |   2378 |   4407 |   9 |  960.4 |
       Dungeon |   8343 |   7963 |    380 |   2378 |   4132 |   8 | 1042.9 |
        Temple |    301 |    297 |      4 |      0 |    274 |   1 |  301.0 |
               +--------+--------+--------+--------+--------+-----+--------+

Top non-repeatable levels by time:
     D:5: 1741 daAuts
     D:4: 1602 daAuts
     D:7: 1540 daAuts
     D:3: 1188 daAuts
     D:2: 1128 daAuts
     D:6: 706 daAuts
     D:1: 316 daAuts
  Temple: 301 daAuts
     D:8: 118 daAuts
